 Dungeon Crawl Stone Soup version 0.23.0 (webtiles) character file.

Game seed: 3511938767521040640

701880 dvd the Archmage (level 27, -12/162 HPs)
             Began as a Deep Elf Fire Elementalist on Feb 11, 2019.
             Was the Champion of Vehumet.
             Killed from afar by an orb of fire (38 damage)
             ... with a fireball
             ... on level 5 of the Realm of Zot on Feb 14, 2019.
             The game lasted 07:19:07 (68447 turns).

dvd the Archmage (Deep Elf Fire Elementalist)      Turns: 68447, Time: 07:19:10

Health: -12/162    AC: 20    Str:  4 (5)  XL:     27
Magic:  41/54      EV: 17    Int: 52      God:    Vehumet [******]
Gold:   5435       SH: 17    Dex: 15 (16) Spells: 9/80 levels left

rFire    + . .     SeeInvis +   c - +4 trident of the Immovable Wars {venom, rElec Int+9 Dex-2 Stlth-}
rCold    + . .     Gourm    .   Q - +5 shield {AC+3}
rNeg     + . .     Faith    .   K - +2 acid dragon scales
rPois    +         Spirit   .   L - +0 Maxwell's etheric cage {RegenMP+ *Contam rElec MP+4}
rElec    +         Reflect  .   a - scarf {rC+ rF+}
rCorr    +         Harm     .   N - +2 pair of gloves {Dex+3}
MR       +++++     Clarity  +   i - +2 pair of boots
Stlth    +++.......             h - amulet of the Four Winds {rN+ MR+++ Clar}
HPRegen  1.37/turn              S - ring of Zaaph {+Fly Int+4 SInv Stlth+} MPRegen 0.84/turn*
                                m - ring "Anut" {rPois Int+5}

@: about to teleport, marked, slightly contaminated, regenerating, studying
Poison Magic, deflect missiles
A: berserk 1, deterioration 1, low mp 1, magic resistance 1
}: 4/15 runes: barnacled, slimy, silver, gossamer
a: Renounce Religion, Evoke Flight


You were on level 5 of the Realm of Zot.
You worshipped Vehumet.
Vehumet was exalted by your worship.
You were not hungry.

You visited 14 branches of the dungeon, and saw 60 of its levels.
You visited 1 bazaar.
You also visited: Ossuary, Bailey and Volcano.

You collected 11132 gold pieces.
You spent 5697 gold pieces at shops.

Inventory:

Hand Weapons
 c - the +4 trident of the Immovable Wars (weapon) {venom, rElec Int+9 Dex-2 Stlth-}
   (You found it on level 13 of the Dungeon)

   It poisons the flesh of those it strikes.
   It affects your intelligence (+9).
   It affects your dexterity (-2).
   It insulates you from electricity.
   It makes you less stealthy.
 y - the +7 dagger of the Living Dead {pierce, rF+ Dex+6}
   (You found it on level 6 of the Lair of Beasts)

   It inflicts extra damage upon your enemies.
   It affects your dexterity (+6).
   It protects you from fire.
Armour
 a - a scarf of resistance (worn)
 i - a +2 pair of boots (worn)
 t - a +2 robe of the Archmagi
 J - a +4 troll leather armour
 K - +2 acid dragon scales (worn)
 L - the +0 Maxwell's etheric cage (worn) {RegenMP+ *Contam rElec MP+4}
   (You found it on level 5 of the Vaults)

   It insulates you from electricity.
   It affects your magic capacity (+4).
   It causes magical contamination when unequipped.
 N - a +2 pair of gloves of dexterity (worn)
 Q - a +5 shield of protection (worn)
Magical Staves
 Z - an uncursed staff of conjuration
Jewellery
 b - the ring of Scepticism {+Blink EV+4}
   (You took it off a deep elf demonologist on level 3 of the Elven Halls)

   [ring of evasion]

   It affects your evasion (+4).
   It lets you blink.
 h - the amulet of the Four Winds (around neck) {rN+ MR+++ Clar}
   (You bought it in a shop on level 2 of the Orcish Mines)

   [amulet of nothing]

   It protects you from negative energy.
   It affects your resistance to hostile enchantments.
   It protects you against confusion.
 m - the ring "Anut" (right hand) {rPois Int+5}
   (You acquired it on level 3 of the Lair of Beasts)

   [ring of poison resistance]

   It affects your intelligence (+5).
   It protects you from poison.
 p - the ring "Duetywk" {Fire +Fly Int+2}
   (You found it on level 5 of the Pits of Slime)

   [ring of fire]

   It enhances your fire magic.
   It affects your intelligence (+2).
   It protects you from fire.
   It makes you vulnerable to cold.
   It lets you fly.
 F - the amulet "Irongoni" {+Rage rC++ Str+3 SInv}
   (You took it off a wizard on level 3 of the Depths)

   [amulet of rage]

   It affects your strength (+3).
   It greatly protects you from cold.
   It lets you see invisible.
   It lets you go berserk.
 P - the ring "Jizet" {*Slow rC+ Dex+6 SInv Stlth-}
   (You found it on level 3 of the Crypt)

   [ring of attention]

   It affects your dexterity (+6).
   It protects you from cold.
   It lets you see invisible.
   It may slow you when you take damage.
   It makes you less stealthy.
 S - the ring of Zaaph (left hand) {+Fly Int+4 SInv Stlth+}
   (You bought it in a shop on level 2 of the Elven Halls)

   [ring of flight]

   It affects your intelligence (+4).
   It lets you see invisible.
   It lets you fly.
   It makes you more stealthy.
Wands
 e - a wand of flame (84)
 k - a wand of scattershot (7)
 z - a wand of disintegration (40)
 C - a wand of digging (54)
 R - a wand of clouds (15)
 T - a wand of iceblast (9)
 U - a wand of acid (15)
Scrolls
 d - 17 scrolls of teleportation
 f - 3 scrolls of summoning
 j - 3 scrolls of amnesia
 l - 22 scrolls of identify
 s - 19 scrolls of remove curse
 I - 7 scrolls of blinking
 M - a scroll of holy word
 O - 4 scrolls of magic mapping
 V - 9 scrolls of fog
 Y - 5 scrolls of fear
Potions
 g - 7 potions of haste
 n - 6 potions of might
 o - 3 potions of magic
 u - 8 potions of agility
 v - 5 potions of cancellation
 w - 7 potions of brilliance
 A - 6 potions of mutation
 B - 11 potions of heal wounds
 D - 21 potions of curing
 E - 2 potions of invisibility
 G - 11 potions of flight
 W - 2 potions of resistance
Books
 H - a manual of Poison Magic
Miscellaneous
 q - 4 phantom mirrors
 r - a crystal ball of energy
Comestibles
 x - 77 rations


   Skills:
 * Level 13.7 Fighting
 + Level 1.1 Short Blades
   Level 7.3(8.4) Axes
 + Level 5.7(7.2) Polearms
 + Level 5.5 Armour
 + Level 11.7 Dodging
 + Level 7.5 Stealth
 - Level 15.0 Shields
 O Level 27 Spellcasting
 * Level 20.3 Conjurations
 + Level 8.3 Charms
 * Level 10.2 Necromancy
 + Level 6.7 Translocations
 + Level 11.3 Transmutations
 * Level 22.3 Fire Magic
 + Level 6.6 Ice Magic
 * Level 11.6 Air Magic
 + Level 16.7 Poison Magic
 + Level 15.2 Evocations


You had 9 spell levels left.
You knew the following spells:

 Your Spells              Type           Power        Failure   Level  Hunger
c - Sticky Flame          Conj/Fire      ########     0%          4    None
d - Fireball              Conj/Fire      ########..   0%          5    None
e - Orb of Destruction    Conj           ########..   1%          7    None
f - Ignite Poison         Fire/Tmut/Pois ########     0%          3    None
g - Olgreb's Toxic Radia  Pois           ########     0%          4    None
h - Regeneration          Chrm/Necr      ########..   1%          3    None
i - Irradiate             Conj/Tmut      ########..   0%          5    None
j - Lightning Bolt        Conj/Air       ########..   0%          5    None
k - Force Lance           Conj/Tloc      ########     0%          4    None
l - Freezing Cloud        Conj/Ice/Air   ########..   1%          6    None
m - Fire Storm            Conj/Fire      ########..   1%          9    None
n - Deflect Missiles      Chrm/Air       ########..   1%          6    None
o - Blink                 Tloc           N/A          1%          2    None
p - Ignition              Fire           ########..   1%          8    None

Your spell library contained the following spells:

 Spells                   Type           Power        Failure   Level  Hunger
 Tornado                  Air            ########..   52%         9    None
 Shatter                  Erth           ######....   100%        9    None
 Animate Skeleton         Necr           N/A          0%          1    None
 Beastly Appendage        Tmut           ######       0%          1    None
 Flame Tongue             Conj/Fire      #####        0%          1    None
 Freeze                   Ice            ####         0%          1    None
 Infusion                 Chrm           ####         0%          1    None
 Magic Dart               Conj           ####         0%          1    None
 Shock                    Conj/Air       ####         0%          1    None
 Sting                    Conj/Pois      ####         0%          1    None
 Poisonous Vapours        Pois/Air       ######       0%          2    None
 Searing Ray              Conj           ######       0%          2    None
 Song of Slaying          Chrm           ########     0%          2    None
 Sticks to Snakes         Tmut           ########     0%          2    None
 Swiftness                Chrm/Air       ########     0%          2    None
 Throw Flame              Conj/Fire      ######       0%          2    None
 Throw Frost              Conj/Ice       ######       0%          2    None
 Conjure Flame            Conj/Fire      ########     0%          3    None
 Dazzling Spray           Conj/Hex       ######       0%          3    None
 Inner Flame              Hex/Fire       ########     0%          3    None
 Mephitic Cloud           Conj/Pois/Air  ########     0%          3    None
 Spider Form              Tmut/Pois      ########..   0%          3    None
 Static Discharge         Conj/Air       ########     0%          3    None
 Iskenderun's Mystic Bla  Conj           ########     0%          4    None
 Throw Icicle             Conj/Ice       ########     0%          4    None
 Iskenderun's Battlesphe  Conj/Chrm      ########     0%          5    None
 Venom Bolt               Conj/Pois      ########..   0%          5    None
 Bolt of Fire             Conj/Fire      ########..   0%          6    None
 Confusing Touch          Hex            ######       1%          1    None
 Corona                   Hex            ######.      1%          1    None
 Summon Small Mammal      Summ           ####         1%          1    None
 Call Imp                 Summ           ######..     1%          2    None
 Ensorcelled Hibernation  Hex/Ice        ######       1%          2    None
 Passwall                 Tmut/Erth      #######.     1%          2    None
 Shroud of Golubria       Chrm/Tloc      #######...   1%          2    None
 Slow                     Hex            ######..     1%          2    None
 Call Canine Familiar     Summ           ######..     1%          3    None
 Gell's Gravitas          Tloc           #######...   1%          3    None
 Ozocubu's Armour         Chrm/Ice       #######.     1%          3    None
 Portal Projectile        Hex/Tloc       ######       1%          3    None
 Recall                   Summ/Tloc      N/A          1%          3    None
 Spectral Weapon          Hex/Chrm       #######.     1%          3    None
 Summon Guardian Golem    Hex/Summ       ######..     1%          3    None
 Teleport Other           Tloc           #######.     1%          3    None
 Tukima's Dance           Hex            ######..     1%          3    None
 Airstrike                Air            ########..   1%          4    None
 Animate Dead             Necr           N/A          1%          4    None
 Fulminant Prism          Conj/Hex       ########..   1%          4    None
 Ice Form                 Ice/Tmut       ########     1%          4    None
 Passage of Golubria      Tloc           N/A          1%          4    None
 Summon Ice Beast         Ice/Summ       #######.     1%          4    None
 Summon Lightning Spire   Summ/Air       #######.     1%          4    None
 Blade Hands              Tmut           ########..   1%          5    None
 Bolt of Magma            Conj/Fire/Erth ########..   1%          5    None
 Borgnjor's Vile Clutch   Necr/Erth      #######...   1%          5    None
 Metabolic Englaciation   Hex/Ice        #######...   1%          5    None
 Silence                  Hex/Air        #######...   1%          5    None
 Summon Forest            Summ/Tloc      #######...   1%          5    None
 Yara's Violent Unravell  Hex/Tmut       #######...   1%          5    None
 Bolt of Cold             Conj/Ice       ########..   1%          6    None
 Death Channel            Necr           ########..   1%          6    None
 Hydra Form               Tmut           ########..   1%          6    None
 Iron Shot                Conj/Erth      ########..   1%          6    None
 Ozocubu's Refrigeration  Ice            #######...   1%          6    None
 Simulacrum               Ice/Necr       ########..   1%          6    None
 Spellforged Servitor     Conj/Summ      ########..   1%          7    None
 Lee's Rapid Deconstruct  Erth           ######....   2%          5    None
 Dragon Form              Tmut           ########..   2%          7    None
 Cause Fear               Hex            ######....   3%          4    None
 Leda's Liquefaction      Hex/Erth       ######....   3%          4    None
 Dispersal                Tloc           #######...   3%          6    None
 Statue Form              Tmut/Erth      #######..    4%          6    None
 Necromutation            Tmut/Necr      ########..   24%         8    None
 Haunt                    Necr/Summ      #######...   30%         7    None
 Borgnjor's Revivificati  Necr           ########..   30%         8    None
 Infestation              Necr           ########..   30%         8    None
 Darkness                 Hex            ######....   41%         6    None
 Invisibility             Hex            ######..     41%         6    None
 Shadow Creatures         Summ           N/A          41%         6    None
 Death's Door             Chrm/Necr      ########..   41%         8    None
 Malign Gateway           Summ/Tloc      #######...   54%         7    None
 Controlled Blink         Tloc           N/A          77%         8    None
 Disjunction              Tloc           #######...   77%         8    None
 Monstrous Menagerie      Summ           ######....   94%         7    None
 Summon Greater Demon     Summ           ######....   94%         7    None
 Discord                  Hex            ######....   100%        8    None
 Summon Horrible Things   Summ           ######....   100%        8    None
 Dragon's Call            Summ           ######....   100%        9    None


Dungeon Overview and Level Annotations

Branches:
Dungeon (15/15)            Temple (1/1) D:5            Lair (6/6) D:9
 Shoals (4/4) Lair:4       Spider (4/4) Lair:3        Slime (5/5) Lair:6
    Orc (2/2) D:10            Elf (3/3) Orc:2        Vaults (5/5) D:13
  Crypt (3/3) Vaults:2       Tomb (1/3) Crypt:3      Depths (5/5) D:15
   Hell (1/1)                 Zot (5/5) Depths:5
    Dis: Hell:1         Geh: Hell:1         Coc: Hell:1         Tar: Hell:1

Altars:
Ashenzari
Cheibriados
Dithmenos
Elyvilon
Fedhas
Gozag
Hepliaklqana
Kikubaaqudgha
Makhleb
Nemelex Xobeh
Okawaru
Qazlal
Ru
Sif Muna
Trog
Uskayaw
Vehumet
Wu Jian
Xom
Yredelemnul
Zin
The Shining One
Beogh

Shops:
D:6 }   D:8 *   D:14 }   Orc:2 *:=!   Elf:2 **=}=   Elf:3 (   Vaults:4 *

Portals:
Hell: Depths:1 Depths:2 Depths:3 Depths:4 Depths:5
Abyss: Depths:1 Depths:2 Depths:4
Pandemonium: Depths:3 Depths:4
Ziggurat: Depths:4

Annotations:
Elf:2 5 runed translucent doors
Depths:5 1 exclusion
Hell Geryon


Innate Abilities, Weirdness & Mutations

You tend to lose your temper in combat.
Your body sometimes deteriorates upon taking damage.
Your magical capacity is low. (-10% MP)
You are resistant to hostile enchantments. (MR+)


Message History

The ancient lich gestures wildly while chanting.
The ancient lich seems to speed up.
The Killer Klown throws klown pie at you.
You deflect the klown pie!
An Orb Guardian comes into view.
Okay, then.
Unknown command.
As you read the scroll of teleportation, it crumbles to dust.
You feel strangely unstable.
You feel the Orb delaying your translocation!
The orb of fire glows red.
The bolt of fire misses you.
The Killer Klown blinks!
The orb of fire glows deep purple.
The fireball explodes!
The fireball engulfs you!! You resist.
* * * LOW HITPOINT WARNING * * *
Your body deteriorates!
You feel clumsy.
The fireball engulfs the orb of fire.
The orb of fire completely resists.
The orb of fire glows red.
The fireball explodes!
The fireball engulfs you!!! You resist.
You die...

**,,,,,,,,,,,,,,,,,,,,,,*,,,,,,,,
*,,,,,,,,,,,,,,,,,,,,,,,**,,,,,,,
,,,,,,,,,,,,,,,,,,,,,,,,***,,,,,,
,,,,,,,,,,,,,,,,,,,,,,,,* *******
*,,,,,,,,,,,,,,,,,,,,,,**
**,,,...,,,,,,,,,,,,,***
**,,.○..,,,,,,,,,****
**,..)[##▓▓▓▓▓▓▓▓▓▓▓#
**,,......*^...@^....###
**,,,v.....p.v..*.##..X.##
*,,,,.....LXX..^.p.###...########
,,,,,...v...........###..........
,,,,,...............# ##.........
,,,,,..!............# #.......^.
,,,,,.......W.......# ##........
,,,,,.^....§v.§.....# #......vv
,,,,,..v.......^....# ##........


You could see 2 orbs of fire, 2 Killer Klowns, an ancient lich, 3 Orb Guardians,
a wraith and 2 friendly fire vortices.

Vanquished Creatures
  the Royal Jelly (Slime:5)
  Khufu (Crypt:3)
  An orb of fire (Zot:5)
  2 juggernauts (Depths:4)
  Mennas (Depths:5)
  8 ancient liches
  3 greater mummies (Crypt:3)
  Saint Roka (Orc:1)
  A Killer Klown (Zot:3)
  The ghost of Plog the Warrior, an adept DrTm of Okawaru (Depths:2)
  The ghost of lmSkywalker the Warrior, an adept DrTm of Okawaru (Depths:1)
  2 curse toes
  Margery (Depths:1)
  2 caustic shrikes
  A caustic shrike (shapeshifter) (Vaults:5)
  9 golden dragons
  Jory (Depths:4)
  Nikola (Spider:1)
  A bone dragon (Depths:5)
  The ghost of Okhyll the Brawler, an adept TrMo of Makhleb (Elf:1)
  An iron giant (shapeshifter) (Vaults:5)
  2 electric golems
  Rupert (Spider:1)
  12 tentacled monstrosities
  8 liches
  33 acid blobs
  2 deep elf blademasters (Elf:3)
  3 quicksilver dragons
  13 Orb Guardians (Zot:5)
  9 titans
  Asterion (Vaults:2)
  2 deep elf master archers (Elf:3)
  2 krakens
  3 ancient champions (Crypt:3)
  8 sphinxes
  Agnes (D:13)
  6 death cobs
  The ghost of Mikhuel the Brawler, an adept TrMo of Nemelex Xobeh (Depths:2)
  The ghost of Himmaryad the Brawler, an adept TrMo of Nemelex Xobeh (Depths:1)
  9 shadow dragons
  7 draconian monks
  7 tengu reavers
  Kirke (Lair:5)
  19 azure jellies
  15 storm dragons
  A revenant (Crypt:3)
  13 fire giants
  7 frost giants
  3 iron dragons
  9 draconian scorchers
  9 vault wardens
  4 emperor scorpions
  Louise (Spider:2)
  An orc warlord (Vaults:5)
  8 deep elf sorcerers
  7 ghost moths
  5 ghouls
  7 deep elf elementalists
  2 draconian stormcallers
  7 draconian shifters
  2 draconian knights
  2 curse skulls
  17 ironheart preservers
  A caustic shrike skeleton (Crypt:1)
  5 draconian annihilators
  3 war gargoyles
  6 vampire knights
  28 stone giants
  13 very ugly things
  9 deep elf demonologists
  8 entropy weavers
  5 white draconians
  The ghost of Tacit the Basher, a journeyman GrMo of Gozag (Spider:2)
  Azrael (D:13)
  A large abomination (Elf:3)
  6 green draconians
  8 red draconians
  7 black draconians
  13 spark wasps
  9 deep elf annihilators
  8 purple draconians
  23 yellow draconians
  18 ettins
  10 deep elf death magi
  A mummy priest (Crypt:3)
  12 great orbs of eyes
  6 merfolk javelineers
  5 jiangshi
  5 eidola
  Snorg (D:14)
  15 merfolk impalers
  5 deep elf high priests
  4 rakshasas
  21 yaktaur captains
  9 death oozes
  8 hydras
  A monstrous demonspawn (Depths:4)
  10 fire dragons
  Harold (D:11)
  A quicksilver dragon skeleton (Crypt:3)
  11 ice dragons
  3 spriggan air magi
  Erica (D:11)
  32 vault guards
  9 centaur warriors
  4 merfolk aquamancers
  An anaconda (shapeshifter) (Vaults:4)
  2 merfolk avatars
  2 alligator snapping turtles (Shoals:4)
  4 death knights
  2 catoblepae
  A queen ant (Spider:3)
  36 two-headed ogres
  A queen ant (shapeshifter) (Depths:3)
  6 tengu warriors
  2 satyrs (Shoals:3)
  15 dancing weapons
  An alligator (shapeshifter) (Vaults:5)
  5 orc high priests (Orc:2)
  14 ogre magi
  6 vampire magi
  6 deep troll shamans
  A hell hog (Volcano)
  7 deep troll earth magi
  The ghost of suvakkihuora the Covert, a journeyman SpMo of Makhleb (Shoals:4)
  13 deep elf knights
  6 spriggan berserkers
  2 soul eaters
  19 skeletal warriors
  A fire crab (Shoals:1)
  3 hell knights
  A shadow wraith (Crypt:1)
  24 sea snakes
  7 glowing orange brains
  5 wizards
  30 deep trolls
  3 iron trolls (Depths:2)
  5 flayed ghosts
  An unseen horror (D:13)
  A kraken simulacrum (Shoals:4)
  An obsidian statue (Elf:2)
  11 ironbrand convokers
  16 orc knights
  9 phantasmal warriors
  5 necromancers
  9 deep elf archers
  A swamp dragon (shapeshifter) (Depths:2)
  12 harpies
  An orb spider (shapeshifter) (Depths:2)
  58 deep elf magi
  5 oklob plants
  19 orb spiders
  3 orc sorcerers
  A shining eye (shapeshifter) (Vaults:5)
  A stone giant zombie (Crypt:1)
  60 ugly things
  28 moths of wrath
  51 wolf spiders
  19 manticores
  6 cyclopes
  2 salamanders (Volcano)
  6 shining eyes
  11 merfolk sirens
  A water nymph (shapeshifter) (Elf:3)
  12 elephants
  A sphinx skeleton (Crypt:3)
  An elephant (shapeshifter) (Depths:1)
  10 fauns
  6 black mambas
  11 vault sentinels
  2 fire giant skeletons
  5 torpor snails
  3 centaur zombies
  8 water nymphs
  A guardian serpent (shapeshifter) (Vaults:5)
  4 eyes of devastation
  A naga mage (Vaults:4)
  2 gargoyles (D:13)
  2 orange demons (Depths:4)
  A dire elephant skeleton (Crypt:3)
  12 spiny frogs
  8 rime drakes
  A tormentor (Depths:4)
  15 demonic crawlers
  9 freezing wraiths
  47 yaktaurs
  8 komodo dragons
  A death yak skeleton (Crypt:3)
  A green draconian skeleton (Crypt:2)
  A hellwing (Depths:4)
  9 guardian mummies (Crypt:3)
  8 tengu conjurers
  40 jumping spiders
  2 jumping spiders (shapeshifter)
  15 hornets
  5 polar bears (Lair:6)
  8 trolls
  7 tyrant leeches (Spider:1)
  Prince Ribbit (D:6)
  A sphinx simulacrum (Vaults:3)
  11 wind drakes
  A blink frog (shapeshifter) (Vaults:1)
  A merfolk (shapeshifter) (D:13)
  65 slime creatures
  18 blink frogs
  48 merfolk
  A hippogriff (shapeshifter) (Depths:2)
  A fire giant simulacrum (Vaults:1)
  9 dream sheep
  14 hippogriffs
  A stone giant simulacrum (Vaults:1)
  11 flying skulls
  7 snapping turtles
  3 spriggans (shapeshifter)
  95 redbacks
  A redback (shapeshifter) (Depths:5)
  3 shadows
  An air elemental (Elf:2)
  52 tarantellas
  An alligator skeleton (Crypt:3)
  2 wyverns
  6 wraiths
  A tarantella (shapeshifter) (Depths:1)
  6 fire elementals
  18 humans (D:13)
  4 basilisks
  A black mamba skeleton (Crypt:1)
  A chaos spawn (Depths:4)
  5 fire bats
  2 hungry ghosts
  21 water elementals
  A basilisk (shapeshifter) (Depths:4)
  59 yaks
  A golden eye (Slime:1)
  5 hogs (Lair:5)
  A human simulacrum (Vaults:3)
  3 wargs
  A swamp worm (shapeshifter) (Vaults:5)
  A glowing shapeshifter zombie (Crypt:1)
  A faun zombie (Crypt:3)
  An acid dragon (Zot:2)
  7 swamp worms (Spider:1)
  8 soldier ants
  4 hell hounds
  13 water moccasins
  2 merfolk skeletons
  A floating eye (shapeshifter) (Vaults:1)
  7 porcupines
  52 orc warriors
  3 floating eyes
  4 sky beasts
  Duvessa (D:6)
  A deep troll skeleton (Crypt:3)
  3 ice beasts
  2 black bears (D:8)
  36 ogres
  4 eyes of draining
  An ogre (shapeshifter) (D:15)
  3 phantoms
  8 necrophages
  12 centaurs
  5 wolves (Lair:3)
  An elf zombie (Ossuary)
  A big kobold (D:8)
  15 crocodiles
  A hippogriff zombie (Crypt:1)
  An octopode zombie (Crypt:2)
  Blork the orc (D:6)
  12 bullfrogs
  4 earth elementals
  Dowan (D:6)
  2 water moccasin skeletons
  A wyvern skeleton (D:7)
  A warg zombie (Crypt:1)
  A scorpion (D:9)
  An orc simulacrum (Vaults:2)
  8 killer bees
  24 jellies
  8 wights
  2 electric eels (Spider:4)
  A bullfrog zombie (Crypt:2)
  2 howler monkeys
  10 crimson imps
  3 quasits
  Crazy Yiuf (D:6)
  3 bullfrog skeletons
  3 centaur skeletons
  8 hounds
  3 human zombies (Ossuary)
  26 orc wizards
  A gnoll shaman (D:10)
  23 orc priests
  5 iguanas
  Ijyb (D:4)
  Natasha (twice) (D:3)
  24 worker ants
  3 big kobold zombies (Ossuary)
  4 hound zombies
  3 hound skeletons (D:4)
  4 mummies
  A worker ant zombie (D:6)
  Robin (D:4)
  3 howler monkey zombies
  11 adders
  16 gnolls
  2 howler monkey skeletons
  A swamp drake zombie (Crypt:2)
  3 shadow imps
  2 white imps (Depths:4)
  2 ufetubi (Depths:4)
  6 oozes
  9 adder zombies
  An iguana zombie (Crypt:1)
  A worm zombie (Crypt:1)
  An adder skeleton (D:5)
  2 worms
  5 dart slugs
  2 leopard geckos
  141 orcs
  A bat zombie (Crypt:1)
  4 giant cockroaches
  A gnoll zombie (Ossuary)
  13 hobgoblins
  16 jackals
  6 quokkas
  A ball python (D:5)
  5 bats
  3 frilled lizards
  23 goblins
  3 goblin zombies (Ossuary)
  2 hobgoblin zombies (Ossuary)
  4 jackal zombies
  6 kobolds
  6 kobold zombies (Ossuary)
  A leopard gecko skeleton (D:4)
  2 orc zombies
  3 quokka skeletons
  4 quokka zombies (Ossuary)
  3 rats (D:1)
  2 rat zombies (Ossuary)
  A bush (D:6)
  2 fungi
  21 plants
  A tentacle (Shoals:1)
2720 creatures vanquished.

Vanquished Creatures (collateral kills)
  An Orb Guardian (Zot:5)
  An acid blob (Slime:3)
  An ancient champion (Crypt:3)
  A storm dragon (Zot:1)
  A draconian knight (Zot:4)
  2 black draconians
  3 yellow draconians (Zot:2)
  A white draconian zombie (Crypt:3)
  A slime creature (Slime:1)
  A swamp dragon zombie (Crypt:3)
  9 jellies (Zot:2)
22 creatures vanquished.

Vanquished Creatures (others)
  A two-headed ogre (Volcano)
  An ironbrand convoker (Vaults:2)
  A bush (D:6)
  162 fire vortices
  12 fungi
  56 plants
  15 tentacles
  2 withered plants (Shoals:4)
250 creatures vanquished.

Grand Total: 2992 creatures vanquished

Notes
Turn   | Place    | Note
-------+----------+-------------------------------------------
     0 | D:1      | dvd the Deep Elf Fire Elementalist began the quest for the
                  | Orb.
     0 | D:1      | Reached XP level 1. HP: 10/10 MP: 6/6
    87 | D:1      | Reached XP level 2. HP: 3/15 MP: 0/8
   712 | D:1      | Learned a level 2 spell: Throw Flame
   792 | D:1      | Reached XP level 3. HP: 19/19 MP: 7/10
   958 | D:2      | Reached skill level 4 in Spellcasting
  1095 | D:2      | Reached XP level 4. HP: 24/24 MP: 7/12
  1145 | D:2      | Learned a level 4 spell: Sticky Flame
  1581 | D:2      | Found an iron altar of Okawaru.
  1854 | D:3      | Noticed Natasha
  1856 | D:3      | Reached XP level 5. HP: 13/28 MP: 9/14
  1856 | D:3      | Killed Natasha
  1952 | D:3      | Noticed Natasha
  1954 | D:3      | Killed Natasha
  1999 | D:3      | Reached XP level 6. HP: 24/32 MP: 1/15
  2616 | D:3      | Reached skill level 5 in Spellcasting
  2903 | D:4      | Noticed Robin
  2905 | D:4      | Reached skill level 1 in Axes
  2913 | D:4      | Reached skill level 5 in Fire Magic
  2920 | D:4      | Gained mutation: You are weak. (Str -2) [potion of
                  | mutation]
  2920 | D:4      | Gained mutation: You are resistant to hostile enchantments.
                  | (MR+) [potion of mutation]
  2920 | D:4      | Lost mutation: You are weak. (Str -2) [potion of mutation]
  2932 | D:4      | Killed Robin
  3320 | D:4      | Noticed Ijyb
  3330 | D:4      | Killed Ijyb
  3795 | D:4      | Noticed an ice beast
  3801 | D:4      | Killed an ice beast
  3801 | D:4      | Reached XP level 7. HP: 37/37 MP: 9/17
  4072 | D:4      | Found a sparkling altar of Nemelex Xobeh.
  4083 | D:5      | Entered Level 5 of the Dungeon
  4209 | D:5      | Found a staircase to the Ecumenical Temple.
  4216 | Temple   | Entered the Ecumenical Temple
  4301 | Temple   | Became a worshipper of Vehumet
  4505 | D:5      | Reached skill level 6 in Spellcasting
  4757 | D:5      | Learned a level 5 spell: Fireball
  5045 | D:5      | Reached XP level 8. HP: 42/42 MP: 13/20
  5150 | D:6      | Noticed Duvessa
  5150 | D:6      | Noticed Dowan
  5155 | D:6      | Noticed Blork the orc
  5156 | D:6      | Killed Duvessa
  5160 | D:6      | Killed Dowan
  5160 | D:6      | Reached skill level 7 in Spellcasting
  5163 | D:6      | Killed Blork the orc
  5163 | D:6      | Reached skill level 5 in Conjurations
  5250 | D:6      | Reached skill level 5 in Dodging
  5267 | D:6      | Found a stormy altar of Qazlal.
  5439 | D:6      | Found Maihom's Gadget Shoppe.
  5450 | D:6      | Reached * piety under Vehumet
  5450 | D:6      | Offered knowledge of Magic Dart by Vehumet.
  5577 | D:6      | Noticed Prince Ribbit
  5586 | D:6      | Killed Prince Ribbit
  5637 | D:6      | Found a deep blue altar of Sif Muna.
  5650 | D:6      | Reached skill level 8 in Spellcasting
  5699 | D:6      | Found an opulent altar of Gozag.
  5833 | D:6      | Found a runed translucent door.
  5834 | D:6      | Noticed Crazy Yiuf
  5840 | D:6      | Killed Crazy Yiuf
  6090 | D:6      | Found a blossoming altar of Fedhas.
  6144 | D:6      | Reached skill level 1 in Fighting
  6144 | D:6      | Reached XP level 9. HP: 47/47 MP: 18/23
  6165 | D:6      | Reached skill level 1 in Armour
  6235 | D:7      | Noticed a troll
  6500 | D:7      | Killed a troll
  6571 | D:7      | Learned a level 2 spell: Poisonous Vapours
  6718 | D:7      | Reached skill level 9 in Spellcasting
  6842 | D:7      | Offered knowledge of Freeze by Vehumet.
  6868 | D:7      | Reached ** piety under Vehumet
  7476 | D:7      | Reached skill level 1 in Air Magic
  7663 | D:8      | Reached skill level 1 in Poison Magic
  7698 | D:8      | Found Ruconag's Assorted Antiques.
  7707 | D:8      | Bought a jewelled broad axe for 198 gold pieces
  7707 | D:8      | Identified the +5 broad axe "Raotu" {drain, Str+4} (You
                  | bought it in a shop on level 8 of the Dungeon)
  7743 | D:8      | Found a sand-covered staircase.
  7798 | Ossuary  | Entered an ossuary
  7810 | Ossuary  | Offered knowledge of Ignite Poison by Vehumet.
  7828 | Ossuary  | Learned a level 3 spell: Ignite Poison
  7867 | Ossuary  | Reached *** piety under Vehumet
  7911 | Ossuary  | Reached XP level 10. HP: 52/53 MP: 25/25
  7991 | Ossuary  | Offered knowledge of Fulminant Prism by Vehumet.
  8100 | D:8      | Learned a level 4 spell: Olgreb's Toxic Radiance
  8185 | D:8      | Reached **** piety under Vehumet
  8284 | D:8      | Offered knowledge of Airstrike by Vehumet.
  8625 | D:9      | Found a staircase to the Lair.
  8625 | D:9      | Noticed an elephant
  8634 | D:9      | Killed an elephant
  8634 | D:9      | Reached skill level 10 in Spellcasting
  8635 | D:9      | Reached skill level 5 in Axes
  8635 | D:9      | Reached skill level 5 in Stealth
  8635 | D:9      | Reached skill level 1 in Transmutations
  9022 | D:9      | Noticed a cyan ugly thing
  9036 | D:9      | Killed a cyan ugly thing
  9410 | Lair:1   | Entered Level 1 of the Lair of Beasts
  9856 | Lair:1   | Reached XP level 11. HP: 59/59 MP: 21/27
 10472 | Lair:2   | Reached skill level 11 in Spellcasting
 10855 | Lair:2   | Reached ***** piety under Vehumet
 10855 | Lair:2   | Offered knowledge of Yara's Violent Unravelling by Vehumet.
 10910 | Lair:2   | Reached skill level 5 in Poison Magic
 11078 | Lair:2   | Learned a level 4 spell: Throw Icicle
 11192 | Lair:2   | Identified the +0 plate armour of Honour {rElec rF+ rN+}
                  | (You found it on level 2 of the Lair of Beasts)
 11586 | Lair:2   | Noticed an oklob plant
 11588 | Lair:2   | Noticed an oklob plant
 11906 | Lair:2   | Killed an oklob plant
 11906 | Lair:2   | Reached skill level 12 in Spellcasting
 11979 | Lair:2   | Killed an oklob plant
 12362 | Lair:3   | Identified a scroll of acquirement
 12363 | Lair:3   | Got a wavering iron ring
 12364 | Lair:3   | Identified the ring "Anut" {rPois Int+5} (You acquired it
                  | on level 3 of the Lair of Beasts)
 12702 | Lair:3   | Reached XP level 12. HP: 64/64 MP: 20/30
 12772 | Lair:3   | Noticed an eight-headed hydra
 12780 | Lair:3   | Killed an eight-headed hydra
 12780 | Lair:3   | Reached skill level 10 in Fire Magic
 12853 | Lair:3   | Learned a level 5 spell: Yara's Violent Unravelling
 12983 | Lair:3   | Noticed a six-headed hydra
 13002 | Lair:3   | Killed a six-headed hydra
 13002 | Lair:3   | Reached skill level 13 in Spellcasting
 13225 | Lair:3   | Found a hole to the Spider Nest.
 13845 | Lair:4   | Noticed an eight-headed hydra
 13849 | Lair:4   | Killed an eight-headed hydra
 14201 | Lair:4   | Reached skill level 1 in Shields
 14228 | Lair:4   | Found a staircase to the Shoals.
 14478 | Lair:5   | Noticed Kirke
 14489 | Lair:5   | Killed Kirke
 14489 | Lair:5   | Reached skill level 14 in Spellcasting
 14491 | Lair:5   | Offered knowledge of Spellforged Servitor by Vehumet.
 14491 | Lair:5   | Reached XP level 13. HP: 68/68 MP: 19/33
 14517 | Lair:5   | Got a crystal morningstar
 14518 | Lair:5   | Identified the +6 morningstar of Music {chaos, Stlth+} (You
                  | found it on level 5 of the Lair of Beasts)
 14659 | Lair:5   | Reached skill level 5 in Transmutations
 15262 | Lair:6   | Entered Level 6 of the Lair of Beasts
 15801 | Lair:6   | Found a staircase to the Slime Pits.
 15916 | Lair:6   | Reached skill level 10 in Conjurations
 15993 | Lair:6   | Reached skill level 15 in Spellcasting
 16247 | Lair:6   | Got an ancient dagger
 16259 | Lair:6   | Identified the Volume of Elitism
 16267 | Lair:6   | Learned a level 5 spell: Irradiate
 16769 | Lair:6   | Identified the +7 dagger of the Living Dead {pierce, rF+
                  | Dex+6} (You found it on level 6 of the Lair of Beasts)
 16921 | D:10     | Entered Level 10 of the Dungeon
 17012 | D:10     | Reached XP level 14. HP: 75/75 MP: 28/35
 17244 | D:10     | Offered knowledge of Lightning Bolt by Vehumet.
 17258 | D:10     | Learned a level 5 spell: Lightning Bolt
 17295 | D:10     | Found a staircase to the Orcish Mines.
 17365 | D:10     | Got a faintly glowing rapier
 17366 | D:10     | Identified the +7 rapier of Subjectivity {pierce, +Inv rN+
                  | Str-4} (You found it on level 10 of the Dungeon)
 17405 | D:10     | Found a hide-covered altar of Uskayaw.
 17516 | D:10     | Got a blackened falchion
 17517 | D:10     | Identified the +4 falchion "Laofacau" {slice, rPois} (You
                  | found it on level 10 of the Dungeon)
 17694 | Orc:1    | Entered Level 1 of the Orcish Mines
 17827 | Orc:1    | Noticed a stone giant
 17839 | Orc:1    | Killed a stone giant
 17919 | Orc:1    | Found a dark tunnel.
 18051 | Volcano  | Entered a volcano
 18140 | Volcano  | Reached skill level 5 in Shields
 18140 | Volcano  | Reached skill level 1 in Evocations
 18428 | Orc:1    | Found a shimmering altar of Xom.
 18551 | Orc:2    | Entered Level 2 of the Orcish Mines
 18551 | Orc:2    | Found an iron altar of Okawaru.
 18584 | Orc:2    | Found a staircase to the Elven Halls.
 18608 | Orc:2    | Noticed Saint Roka
 18798 | Orc:2    | Reached ****** piety under Vehumet
 18802 | Orc:2    | Offered knowledge of Bolt of Magma by Vehumet.
 19059 | Orc:2    | Found a roughly hewn altar of Beogh.
 19597 | Orc:2    | Reached skill level 16 in Spellcasting
 19751 | Orc:2    | Found Zeihick's General Store.
 19754 | Orc:2    | Found Jupumean's Book Emporium.
 19757 | Orc:2    | Found Pyodoz's Jewellery Shoppe.
 19758 | Orc:2    | Found Tymap's Distillery.
 19761 | Orc:2    | Bought the ring of Letuytoh {+Fly rElec rN+ Str+5 Int-2}
                  | for 588 gold pieces
 19778 | Orc:2    | Bought the amulet of the Four Winds {rN+ MR+++ Clar} for
                  | 614 gold pieces
 19778 | Orc:2    | Found the amulet of the Four Winds {rN+ MR+++ Clar}
 19786 | Orc:2    | Bought a scroll of enchant armour for 82 gold pieces
 19786 | Orc:2    | Bought a scroll of enchant armour for 82 gold pieces
 20239 | D:11     | Found a flagged portal.
 20272 | Bailey   | Entered a bailey
 20278 | Bailey   | Offered knowledge of Iron Shot by Vehumet.
 20577 | D:11     | Got a smoking diamond amulet
 20578 | D:11     | Identified the amulet "Qosmequm" {Acrobat Int+3 SInv} (You
                  | found it on level 11 of the Dungeon)
 20871 | D:11     | Noticed Harold
 20878 | D:11     | Killed Harold
 21077 | D:11     | Noticed Erica
 21097 | D:11     | Killed Erica
 21280 | D:12     | Reached skill level 10 in Poison Magic
 21792 | D:12     | Reached XP level 15. HP: 76/80 MP: 37/37
 21839 | D:13     | Got a polished trident
 21840 | D:13     | Identified the +4 trident of the Immovable Wars {venom,
                  | rElec Int+9 Dex-2 Stlth-} (You found it on level 13 of the
                  | Dungeon)
 21846 | D:13     | Learned a level 4 spell: Force Lance
 21905 | D:13     | Noticed Azrael
 22124 | D:13     | Killed Azrael
 22240 | D:13     | Offered knowledge of Ozocubu's Refrigeration by Vehumet.
 22704 | D:13     | Found a gate to the Vaults.
 22873 | D:14     | Noticed Snorg
 22877 | D:14     | Killed Snorg
 22906 | D:13     | Reached skill level 17 in Spellcasting
 23019 | D:14     | Reached skill level 1 in Polearms
 23141 | D:14     | Noticed Agnes
 23274 | D:13     | Killed Agnes
 23531 | D:14     | Found Diwnuhy's Gadget Boutique.
 23764 | D:15     | Entered Level 15 of the Dungeon
 23767 | D:15     | Reached skill level 1 in Ice Magic
 23767 | D:15     | Offered knowledge of Freezing Cloud by Vehumet.
 24072 | D:14     | Reached skill level 1 in Short Blades
 24269 | D:15     | Reached XP level 16. HP: 57/86 MP: 22/39
 24365 | D:15     | Learned a level 6 spell: Freezing Cloud
 24512 | D:15     | Found a sparkling altar of Nemelex Xobeh.
 24782 | D:15     | Found a staircase to the Depths.
 25073 | Orc:2    | Bought a book of Battle for 680 gold pieces
 25078 | Orc:2    | Learned a level 3 spell: Regeneration
 25216 | Orc:1    | Killed Saint Roka
 25216 | Orc:1    | Reached skill level 1 in Charms
 25216 | Orc:1    | Reached skill level 1 in Necromancy
 25495 | Spider:1 | Entered Level 1 of the Spider Nest
 25503 | Spider:1 | Reached skill level 1 in Translocations
 25918 | Spider:1 | Noticed Nikola
 25926 | Spider:1 | Killed Nikola
 26090 | Spider:1 | Identified the cursed +0 plate armour "Jygesol" {+Inv
                  | rPois} (You found it on level 1 of the Spider Nest)
 26224 | Spider:1 | Reached skill level 18 in Spellcasting
 26861 | Spider:1 | Noticed Rupert
 26867 | Spider:1 | Killed Rupert
 27106 | Spider:2 | Offered knowledge of Fire Storm by Vehumet.
 27106 | Spider:2 | Offered knowledge of Shatter by Vehumet.
 27106 | Spider:2 | Offered knowledge of Tornado by Vehumet.
 27117 | Spider:2 | Found a transporter.
 27274 | Spider:2 | Noticed Tacit's ghost (journeyman GrMo)
 27331 | Spider:2 | Noticed Louise
 27338 | Spider:2 | Killed Louise
 27342 | Spider:2 | Reached XP level 17. HP: 87/90 MP: 22/41
 27582 | Spider:2 | Found a transporter.
 27980 | Spider:2 | Killed Tacit's ghost
 28003 | Spider:2 | Got a clouded sapphire amulet
 28004 | Spider:2 | Identified the amulet "Kaculegh" {Faith Str+5 Stlth+} (You
                  | found it on level 2 of the Spider Nest)
 28322 | Spider:3 | Reached skill level 5 in Evocations
 29289 | Spider:4 | Entered Level 4 of the Spider Nest
 29594 | Spider:4 | Reached skill level 5 in Ice Magic
 29892 | Spider:4 | Reached skill level 5 in Air Magic
 29915 | Spider:4 | Learned a level 5 spell: Iskenderun's Battlesphere
 29928 | Spider:4 | Reached skill level 5 in Charms
 30128 | Spider:4 | Reached skill level 19 in Spellcasting
 30128 | Spider:4 | Reached XP level 18. HP: 71/96 MP: 23/43
 30841 | Spider:4 | Got a gossamer rune of Zot
 31027 | Shoals:1 | Entered Level 1 of the Shoals
 31044 | Shoals:1 | Reached skill level 10 in Dodging
 33039 | Shoals:3 | Reached skill level 10 in Shields
 33040 | Shoals:3 | Reached skill level 5 in Fighting
 33958 | Shoals:4 | Entered Level 4 of the Shoals
 34239 | Shoals:4 | Found a runed translucent door.
 34283 | Shoals:4 | Reached XP level 19. HP: 100/100 MP: 5/44
 34587 | Shoals:4 | Reached skill level 20 in Spellcasting
 34629 | Shoals:4 | Noticed suvakkihuora's ghost (journeyman SpMo)
 34765 | Shoals:4 | Got a barnacled rune of Zot
 35453 | Shoals:4 | Identified the cursed +1 shortbow of Crystal {freeze,
                  | rPois}
 35768 | Shoals:4 | Killed suvakkihuora's ghost
 36079 | Elf:1    | Entered Level 1 of the Elven Halls
 36143 | Orc:2    | Bought a book of Enchantments for 850 gold pieces
 36150 | Orc:2    | Learned a level 6 spell: Deflect Missiles
 37591 | Elf:2    | Found Ysuur's Gadget Boutique.
 37592 | Elf:2    | Found Locagal's Jewellery Emporium.
 37592 | Elf:2    | Found Wulomo's Jewellery Emporium.
 37908 | Elf:2    | Found a runed translucent gate.
 37909 | Elf:2    | Found a runed translucent gate.
 37909 | Elf:2    | Found an opulent altar of Gozag.
 37910 | Elf:2    | Found a runed translucent gate.
 37911 | Elf:2    | Noticed Okhyll's ghost (adept TrMo)
 37912 | Elf:2    | Found Unlaor's Assorted Antiques.
 37913 | Elf:2    | Found Nuesiet's Assorted Antiques.
 38383 | Elf:2    | Found a huge runed translucent gate.
 38383 | Elf:2    | Found a huge runed translucent gate.
 38383 | Elf:2    | Found a huge runed translucent gate.
 38386 | Elf:2    | Found a huge runed translucent gate.
 38386 | Elf:2    | Found a huge runed translucent gate.
 38558 | Elf:3    | Entered Level 3 of the Elven Halls
 38732 | Elf:3    | Found Qushuogo's Weapon Emporium.
 39096 | Elf:3    | Reached skill level 10 in Evocations
 39555 | Elf:3    | Reached XP level 20. HP: 106/106 MP: 21/46
 39692 | Elf:2    | Learned a level 7 spell: Orb of Destruction
 39730 | Elf:3    | Identified the +1 robe "Yluxt" {rElec rPois rF- Int+4}
 39887 | Elf:3    | Reached skill level 21 in Spellcasting
 40158 | Elf:3    | Identified the ring of Scepticism {+Blink EV+4}
 40168 | Elf:3    | Identified Sif Muna's Incunabulum of Ashen Displacement
 40331 | Elf:3    | Identified the Guide on the Spatial Blaze
 40345 | Elf:3    | Identified Sif Muna's Volume of Curses and Black Magic
 40619 | Elf:2    | Bought the ring of Zaaph {+Fly Int+4 SInv Stlth+} for 718
                  | gold pieces
 40898 | Elf:1    | Killed Okhyll's ghost
 41492 | Vaults:1 | Entered Level 1 of the Vaults
 42287 | Vaults:1 | Identified the +3 scale mail of Cowardice {SInv} (You found
                  | it on level 1 of the Vaults)
 42711 | Vaults:2 | Learned a level 2 spell: Blink
 42978 | Vaults:2 | Reached XP level 21. HP: 110/110 MP: 36/48
 43099 | Vaults:2 | Noticed Asterion
 43105 | Vaults:2 | Killed Asterion
 43409 | Vaults:2 | Reached skill level 22 in Spellcasting
 43893 | Vaults:2 | Found a staircase to the Crypt.
 46085 | Vaults:4 | Found a radiant altar of Vehumet.
 46100 | Vaults:4 | Identified the +2 robe "Purudw Umoj" {rPois rN+++ Dex-2
                  | SInv} (You found it on level 4 of the Vaults)
 46463 | Vaults:4 | Reached skill level 5 in Necromancy
 46533 | Vaults:4 | Found Loescheho's Assorted Antiques.
 47302 | Vaults:4 | Reached XP level 22. HP: 116/116 MP: 44/50
 47346 | Vaults:5 | Entered Level 5 of the Vaults
 47350 | Vaults:5 | Reached skill level 10 in Transmutations
 47360 | Vaults:5 | Reached skill level 23 in Spellcasting
 47556 | Vaults:5 | Reached skill level 15 in Poison Magic
 47559 | Vaults:5 | Noticed an ancient lich
 47564 | Vaults:5 | HP: 5/116 [hellion/damnation[an ancient lich] (18)]
 47673 | Vaults:4 | Killed an ancient lich
 48357 | Vaults:5 | Reached skill level 15 in Fire Magic
 48449 | Vaults:5 | Got a silver rune of Zot
 48700 | Vaults:5 | Noticed a golden dragon
 48739 | Vaults:5 | Reached skill level 5 in Armour
 48955 | Vaults:5 | Killed a golden dragon
 49150 | Vaults:5 | Reached XP level 23. HP: 120/120 MP: 26/52
 50646 | Vaults:5 | Noticed a caustic shrike
 50647 | Vaults:5 | Identified the cursed +0 fustibalus of Risk Management
                  | {venom, Str+2}
 50647 | Vaults:5 | Identified the cursed +0 leather armour "Ommozah" {rCorr
                  | Dex+3}
 50649 | Vaults:5 | Killed a caustic shrike
 50649 | Vaults:5 | Reached skill level 24 in Spellcasting
 50751 | Vaults:5 | Identified the +10 lajatang of Farucor {drain, rF+}
 50772 | Vaults:5 | Noticed an ancient lich
 50778 | Vaults:5 | Killed an ancient lich
 50997 | Vaults:5 | Found the +0 Maxwell's etheric cage {RegenMP+ *Contam rElec
                  | MP+4}
 51004 | Vaults:5 | Got a smoking robe
 51005 | Vaults:5 | Identified the +1 robe of Beauty {rN+} (You found it on
                  | level 5 of the Vaults)
 51578 | Depths:1 | Entered Level 1 of the Depths
 51659 | Depths:1 | You fall through a shaft!
 51816 | Depths:1 | Found a one-way gate to the infinite horrors of the Abyss.
 52091 | Depths:1 | Found a gateway to Hell.
 52091 | Depths:1 | Noticed Margery
 52096 | Depths:1 | Reached skill level 15 in Evocations
 52101 | Depths:1 | Killed Margery
 52813 | Depths:2 | Found a runed translucent gate.
 52813 | Depths:2 | Found a runed translucent gate.
 52819 | Depths:2 | Found a runed translucent gate.
 52823 | Depths:2 | Noticed Himmaryad's ghost (adept TrMo)
 52823 | Depths:2 | Noticed Plog's ghost (adept DrTm)
 52826 | Depths:2 | Noticed lmSkywalker's ghost (adept DrTm)
 52826 | Depths:2 | Noticed Mikhuel's ghost (adept TrMo)
 53019 | Depths:2 | Identified the cursed ring of Trepidation {Int+2 Dex-2}
 53032 | Depths:2 | Reached XP level 24. HP: 125/125 MP: 53/53
 53298 | Depths:2 | Identified the cursed +0 plate armour of Tomorrow {MR+
                  | rCorr Str+4} (You found it on level 2 of the Depths)
 53416 | Depths:2 | Reached skill level 25 in Spellcasting
 53880 | Depths:2 | Killed Mikhuel's ghost
 53890 | Depths:1 | Killed Himmaryad's ghost
 53940 | Depths:1 | Killed lmSkywalker's ghost
 54051 | Depths:2 | Killed Plog's ghost
 54126 | Depths:2 | Learned a level 8 spell: Ignition
 54283 | Depths:3 | Found the +8 Wrath of Trog {antimagic, *Rage}
 54357 | Depths:3 | Reached skill level 15 in Shields
 54886 | Depths:3 | Found a one-way gate leading to the halls of Pandemonium.
 54911 | Depths:3 | Reached skill level 15 in Conjurations
 55077 | Depths:3 | Noticed an ancient lich
 55125 | Depths:3 | Killed an ancient lich
 55146 | Depths:3 | Identified the amulet "Irongoni" {+Rage rC++ Str+3 SInv}
 55173 | Depths:3 | Identified the Collected Works on Battle Magic
 55706 | Depths:4 | Reached skill level 26 in Spellcasting
 55797 | Depths:4 | Noticed Jory
 55819 | Depths:4 | Killed Jory
 55819 | Depths:4 | Reached skill level 5 in Polearms
 55819 | Depths:4 | Reached XP level 25. HP: 140/140 MP: 25/55
 55884 | Depths:4 | Found a flickering gateway to a bazaar.
 55907 | Bazaar   | Entered a bazaar
 55911 | Bazaar   | Found Kamar's Magic Scroll Boutique.
 55929 | Bazaar   | Found Jiothrynue's Antique Weapon Emporium.
 55946 | Bazaar   | Found Baewimew's General Store.
 55963 | Bazaar   | Found Zunlix's Antique Armour Shoppe.
 55968 | Bazaar   | Bought a runed scarf for 152 gold pieces
 55968 | Bazaar   | Bought a polished ring mail for 171 gold pieces
 55987 | Bazaar   | Identified the +2 ring mail of Darkness {Stlth+} (You
                  | bought it in a shop in a bazaar)
 55998 | Bazaar   | Bought a scroll of teleportation for 45 gold pieces
 55998 | Bazaar   | Bought a scroll of teleportation for 45 gold pieces
 55998 | Bazaar   | Bought a scroll of teleportation for 45 gold pieces
 56029 | Bazaar   | Bought a scroll of amnesia for 28 gold pieces
 56044 | Bazaar   | Bought an embroidered robe for 70 gold pieces
 56080 | Bazaar   | Bought a scroll of fog for 30 gold pieces
 56080 | Bazaar   | Bought a scroll of magic mapping for 52 gold pieces
 56300 | Depths:4 | You fall through a shaft!
 56300 | Depths:5 | Entered Level 5 of the Depths
 56311 | Depths:5 | Noticed Mennas
 56587 | Depths:4 | Found a gateway to a ziggurat.
 56740 | Depths:4 | Reached skill level 10 in Fighting
 56740 | Depths:4 | Noticed a juggernaut
 56756 | Depths:4 | Killed a juggernaut
 56876 | Depths:4 | Noticed a juggernaut
 56880 | Depths:4 | Killed a juggernaut
 56884 | Depths:4 | Reached skill level 5 in Translocations
 56947 | Depths:4 | Got a brightly glowing pewter ring
 56956 | Depths:4 | Got a crude tin ring
 56979 | Depths:4 | Got a jewelled scale mail
 56990 | Depths:4 | Identified the +3 scale mail of the Ecumenical Temple
                  | {Regen+ Slay+5} (You found it on level 4 of the Depths)
 57004 | Depths:4 | Identified the ring of a Hundred Gods {MP+9 Dex+5} (You
                  | found it on level 4 of the Depths)
 57006 | Depths:4 | Identified the ring "Zeuh" {Dex+6 SInv} (You found it on
                  | level 4 of the Depths)
 57986 | Hell     | Entered the Vestibule of Hell
 57986 | Hell     | Noticed Geryon
 58129 | Depths:4 | Learned a level 9 spell: Fire Storm
 58406 | Depths:5 | Killed Mennas
 58755 | Depths:5 | Found a gate to the Realm of Zot.
 59602 | Zot:1    | Entered Level 1 of the Realm of Zot
 59756 | Zot:1    | Reached skill level 27 in Spellcasting
 60260 | Crypt:1  | Entered Level 1 of the Crypt
 60506 | Crypt:1  | Reached XP level 26. HP: 149/152 MP: 35/56
 61565 | Crypt:3  | Entered Level 3 of the Crypt
 61697 | Crypt:3  | Noticed a greater mummy
 61697 | Crypt:3  | Noticed Khufu
 61700 | Crypt:3  | Killed a greater mummy
 61874 | Crypt:3  | Killed Khufu
 61875 | Crypt:3  | Noticed a greater mummy
 61877 | Crypt:3  | Noticed a greater mummy
 61978 | Crypt:3  | Killed a greater mummy
 62248 | Crypt:3  | Got a crystal short sword
 62250 | Crypt:3  | Noticed an ancient lich
 62253 | Crypt:3  | Killed an ancient lich
 62261 | Crypt:3  | Killed a greater mummy
 62265 | Crypt:3  | Got a fine glass ring
 62266 | Crypt:3  | Identified the ring "Jizet" {*Slow rC+ Dex+6 SInv Stlth-}
                  | (You found it on level 3 of the Crypt)
 62273 | Crypt:3  | Identified the +4 short sword of Zooko {venom, rF+ MP+9
                  | Dex-3} (You found it on level 3 of the Crypt)
 62281 | Crypt:3  | Identified the +9 flail of Cedutiho {antimagic, +Rage rElec
                  | rF+++ Dex-2} (You found it on level 3 of the Crypt)
 62735 | Crypt:3  | Found a staircase to the Tomb.
 62742 | Tomb:1   | Entered Level 1 of the Tomb of the Ancients
 63065 | Vaults:4 | Bought shiny acid dragon scales for 1247 gold pieces
 63487 | Slime:1  | Entered Level 1 of the Pits of Slime
 63752 | Slime:5  | Entered Level 5 of the Pits of Slime
 63791 | Slime:5  | Noticed the Royal Jelly
 63794 | Slime:5  | Killed the Royal Jelly
 63868 | Slime:5  | Reached XP level 27. HP: 150/159 MP: 56/56
 63891 | Slime:5  | Got an encrusted hand axe
 63892 | Slime:5  | Identified the +7 hand axe of Anguish {chop, rElec} (You
                  | found it on level 5 of the Pits of Slime)
 63935 | Slime:5  | Identified the +8 plate armour "Sappurhi" {MR- Int+5} (You
                  | found it on level 5 of the Pits of Slime)
 63952 | Slime:5  | Got a slimy rune of Zot
 63954 | Slime:5  | Identified the ring "Duetywk" {Fire +Fly Int+2} (You found
                  | it on level 5 of the Pits of Slime)
 63967 | Slime:5  | Identified the ring "Feucrar" {*Tele MR+ Dex+4} (You found
                  | it on level 5 of the Pits of Slime)
 65036 | Zot:1    | Reached skill level 10 in Air Magic
 65863 | Zot:2    | Identified the cursed +0 chain mail of the Pink Corner
                  | {rElec rN+ rCorr} (You found it on level 2 of the Realm of
                  | Zot)
 65891 | Zot:2    | Identified the +3 spear of Royalism {vamp, Str+6} (You
                  | found it on level 2 of the Realm of Zot)
 68050 | Zot:5    | Entered Level 5 of the Realm of Zot
 68411 | Zot:5    | Noticed an ancient lich
 68415 | Zot:5    | Killed an ancient lich
 68428 | Zot:5    | Noticed an orb of fire
 68431 | Zot:5    | Noticed an ancient lich
 68432 | Zot:5    | Gained mutation: Your body sometimes deteriorates upon
                  | taking damage. [an orb of fire]
 68432 | Zot:5    | Noticed an ancient lich
 68434 | Zot:5    | Killed an orb of fire
 68434 | Zot:5    | Reached skill level 10 in Necromancy
 68434 | Zot:5    | Noticed an ancient lich
 68438 | Zot:5    | Killed an ancient lich
 68439 | Zot:5    | Noticed an ancient lich
 68439 | Zot:5    | Killed an ancient lich
 68441 | Zot:5    | Killed an ancient lich
 68441 | Zot:5    | Noticed an orb of fire
 68441 | Zot:5    | Noticed an orb of fire
 68444 | Zot:5    | Gained mutation: You tend to lose your temper in combat.
                  | [an orb of fire]
 68445 | Zot:5    | Gained mutation: Your magical capacity is low. (-10% MP)
                  | [an orb of fire]
 68447 | Zot:5    | Killed from afar by an orb of fire

Skill      XL: |  1  2  3  4  5  6  7  8  9 10 11 12 13 14 15 16 17 18 19 20 21 22 23 24 25 26 27 |
---------------+----------------------------------------------------------------------------------+-----
Fire Magic     | 4 5 6 7 8 9 10 11 12 13 14 15 16 17 19 22 | 22.3
Spellcasting   | 4 5 6 8 9 10 12 14 15 16 17 18 19 20 21 22 23 24 26 27 | 27.0
Conjurations   | 2 3 4 6 7 8 9 10 11 12 13 14 15 16 17 20 | 20.3
Stealth        | 3 4 5 6 7 |  7.5
Axes           | 2 3 5 6 7 |  7.3
Dodging        | 3 4 5 6 7 8 9 10 11 | 11.7
Fighting       | 1 2 3 4 5 9 11 12 13 | 13.7
Armour         | 2 3 4 5 |  5.5
Air Magic      | 1 2 5 6 7 8 9 11 | 11.6
Poison Magic   | 1 3 6 7 8 10 11 12 13 14 15 16 | 16.7
Transmutations | 1 2 4 5 6 7 8 9 10 11 | 11.3
Shields        | 1 4 6 7 8 9 10 11 12 13 14 15 | 15.0
Evocations     | 1 3 6 8 10 11 13 14 15 | 15.2
Polearms       | 1 2 3 4 5 |  5.7
Ice Magic      | 1 2 5 6 |  6.6
Short Blades   | 1 |  1.1
Charms         | 4 5 6 7 8 |  8.3
Necromancy     | 3 4 5 6 10 | 10.2
Translocations | 1 2 3 4 5 6 |  6.7

Action                   |  1- 3 |  4- 6 |  7- 9 | 10-12 | 13-15 | 16-18 | 19-21 | 22-24 | 25-27 || total
-------------------------+-------+-------+-------+-------+-------+-------+-------+-------+-------++-------
Melee: Hand axe          |       |    48 |   161 |   168 |   238 |    26 |       |       |       ||   641
       Dagger            |       |       |       |       |    28 |     3 |       |       |       ||    31
       Trident           |       |       |       |       |    32 |   465 |   230 |   173 |   219 ||  1119
 Cast: Flame Tongue      |    42 |    57 |    43 |    30 |    36 |    24 |    16 |    12 |     3 ||   263
       Throw Flame       |     6 |    37 |    39 |     6 |     7 |     7 |     7 |    16 |     2 ||   127
       Sticky Flame      |       |     4 |    25 |    29 |    70 |    48 |    42 |    24 |    25 ||   267
       Fireball          |       |       |    11 |    66 |   108 |   122 |   155 |   154 |   149 ||   765
       Poisonous Vapours |       |       |    10 |       |       |       |       |       |       ||    10
       Olgreb's Toxic Ra |       |       |       |    42 |    89 |   139 |   144 |    86 |    17 ||   517
       Ignite Poison     |       |       |       |    51 |   126 |   177 |   197 |   124 |    27 ||   702
       Throw Icicle      |       |       |       |       |    18 |    13 |     2 |       |       ||    33
       Lightning Bolt    |       |       |       |       |    22 |    12 |    14 |    32 |    22 ||   102
       Irradiate         |       |       |       |       |    20 |     9 |    10 |    12 |     8 ||    59
       Yara's Violent Un |       |       |       |       |     1 |       |       |       |       ||     1
       Force Lance       |       |       |       |       |     9 |    34 |    81 |    80 |   113 ||   317
       Freezing Cloud    |       |       |       |       |       |    36 |    37 |    18 |    17 ||   108
       Regeneration      |       |       |       |       |       |    42 |    21 |    32 |    32 ||   127
       Iskenderun's Batt |       |       |       |       |       |    10 |     7 |     4 |       ||    21
       Deflect Missiles  |       |       |       |       |       |       |     3 |     6 |     4 ||    13
       Orb of Destructio |       |       |       |       |       |       |    21 |    85 |    69 ||   175
       Blink             |       |       |       |       |       |       |     1 |     2 |     3 ||     6
       Ignition          |       |       |       |       |       |       |       |    25 |   106 ||   131
       Fire Storm        |       |       |       |       |       |       |       |       |   136 ||   136
 Abil: Evoke Flight      |       |       |       |       |       |    11 |     5 |       |     6 ||    22
Evoke: Wand              |       |       |       |     3 |    11 |    13 |     3 |     5 |    10 ||    45
       Crystal ball of e |       |       |       |       |       |    17 |    21 |     7 |    28 ||    73
       Phantom mirror    |       |       |       |       |       |       |       |       |     1 ||     1
  Use: Scroll            |       |    10 |     1 |    19 |    21 |     9 |    14 |    10 |    25 ||   109
       Potion            |       |     2 |       |    10 |     3 |     4 |       |     2 |     6 ||    27
 Stab: Sleeping          |       |     1 |     3 |    10 |     3 |       |     5 |       |     4 ||    26
       Held in net/web   |       |       |       |       |       |     1 |       |       |       ||     1
       Distracted        |       |       |       |       |       |       |     1 |       |       ||     1
  Eat: Chunk             |       |     9 |    27 |    20 |    29 |    30 |    35 |    20 |    18 ||   188
       Ration            |       |       |       |       |       |     2 |     2 |     3 |     7 ||    14
Armor: Robe              |     3 |    39 |    15 |       |       |       |       |       |    10 ||    67
       Leather armour    |       |       |    15 |       |       |       |       |       |       ||    15
       Troll leather arm |       |       |    41 |    84 |   141 |   365 |    98 |    89 |    40 ||   858
       Skin              |       |       |       |     2 |       |       |       |       |       ||     2
       Acid dragon scale |       |       |       |       |       |       |       |       |    22 ||    22
Dodge: Dodged            |    14 |    75 |   139 |   139 |   195 |   501 |   177 |   167 |   138 ||  1545
       Deflected         |       |       |       |       |       |       |    40 |    63 |    69 ||   172
Block: Shield            |       |       |       |    12 |   301 |   750 |   294 |   298 |   236 ||  1891
